[Event "55th Rubinstein Memorial-C 2019"]
[Site "Polanica-Zdroj"]
[Date "2019.08.18"]
[Round "2.32"]
[White "Zalega, Maciej"]
[Black "Nowak, Filip"]
[Result "1-0"]
[ECO "B83"]
[WhiteElo "1429"]
[BlackElo "1616"]
[Annotator "NA"]
[PlyCount "77"]
[EventDate "2019.08.17"]
[EventType "swiss"]
[EventCountry "POL"]
[SourceTitle "playchess.com"]
[Source "ChessBase"]
[SourceQuality "1"]
[TimeControl "40/5400+30:1800+30"]

1. e4 c5 2. Nf3 e6 3. d4 cxd4 4. Nxd4 Nf6 5. Nc3 d6 6. Be2 Be7 7. O-O O-O 8. f4 Nc6 9. Be3 a6 10. a4 Qc7 11. Kh1 Nxd4 12. Bxd4 e5 13. Be3 exf4 14. Bxf4 Be6 15. Nd5 Nxd5 16. exd5 Bf5 17. c4 Bf6 18. Bxd6 Qxd6 19. Rxf5 Bxb2 20. Rb1 g6 21. Rf3 Be5 22. Qd2 b6 23. Rbf1 Ra7 24. h4 f6 25. Bd3 Raf7 26. Qh6 f5 27. h5 Rg7 28. hxg6 hxg6 29. Rh3 Qf6 30. c5 bxc5 31. d6 Kf7 32. Rb1 Bxd6 33. Re3 Be5 34. Rb7+ Kg8 35. Bc4+ Rgf7 36. Rh3 Qg7 37. Rb6 Bf6 38. Rxf6 Qxh6 39. Rxh6 1-0

[Event "55th Rubinstein Memorial-C 2019"]
[Site "Polanica-Zdroj"]
[Date "2019.08.19"]
[Round "3.1"]
[White "Majek, Kacper"]
[Black "Budzisz, Adrian"]
[Result "1-0"]
[ECO "E16"]
[WhiteElo "1984"]
[BlackElo "1631"]
[Annotator "NA RC"]
[PlyCount "109"]
[EventDate "2019.08.17"]
[EventType "swiss"]
[EventCountry "POL"]
[SourceTitle "playchess.com"]
[Source "ChessBase"]
[SourceQuality "1"]
[TimeControl "40/5400+30:1800+30"]

1. d4 Nf6 2. c4 e6 3. Nf3 b6 4. g3 Bb7 5. Bg2 Bb4+ 6. Nbd2 O-O 7. O-O Be7 8. Qc2 d5 9. Ne5 {[%emt 0:00:18] E16: Queen's Indian: 4 g3 Bb7 5 Bg2 Bb4+} (9. cxd5 exd5 10. Ne5 c5 11. dxc5 bxc5 12. Rd1 Qc8 13. Nb3 a5 14. Be3 Na6 15. Rac1 d4 16. Bxb7 Qxb7 17. Bg5 Nb4 18. Qb1 a4 19. Nd2 Qd5 {½-½ (150) Nakamura,H (2787)-Harikrishna,P (2763) chess.com INT 2016}) 9... c5 10. dxc5 Bxc5 11. cxd5 Bxd5 (11... Qc7 $15 12. Nec4 exd5) 12. e4 Bb7 13. Ndc4 $146 ({Predecessor:} 13. Nb3 Nbd7 14. Nxd7 Nxd7 15. Nxc5 Nxc5 16. Rd1 Qe7 {½-½ (43) Nemet,I (2427)-Kunte,A (2547) Biel 2001}) 13... h6 14. Bf4 Nc6 15. Nxc6 Bxc6 16. Rfd1 Qc8 {[%emt 0:06:47] [#]} 17. Bd6 $1 Rd8 18. Bxc5 Rxd1+ 19. Rxd1 bxc5 20. Nd6 Qd7 21. f3 ({Better is} 21. Bf3 $18) 21... Qc7 22. Qxc5 Rd8 23. e5 Nd7 24. Qc3 Qb6+ 25. Kh1 Bd5 (25... f6 $14) 26. Nc8 Qc5 27. Qxc5 Nxc5 28. Ne7+ Kf8 29. Nxd5 Rxd5 30. Rxd5 exd5 31. Bf1 g5 32. Kg1 Ke7 33. Kf2 Ke6 34. f4 d4 35. Bc4+ Kf5 36. Kf3 gxf4 37. gxf4 d3 38. Bxf7 d2 39. Ke2 Nd3 40. Kxd2 Nxf4 41. e6 Kf6 42. b4 Nd5 43. b5 Ne7 44. a4 Ke5 45. Kc3 Nd5+ 46. Kc4 Kd6 47. a5 Ne7 48. h3 Nf5 49. Kb4 Ne7 50. Kc4 $2 (50. b6 $18) 50... Nf5 51. Bh5 Ne7 52. Bg4 Nc8 53. Kd4 Ne7 54. h4 a6 55. bxa6 $18 1-0

[Event "55th Rubinstein Memorial-C 2019"]
[Site "Polanica-Zdroj"]
[Date "2019.08.19"]
[Round "3.2"]
[White "Maslo, Slawomir"]
[Black "Grossmann, Ryszard"]
[Result "1-0"]
[ECO "A06"]
[WhiteElo "1687"]
[BlackElo "1975"]
[Annotator "NA RC"]
[PlyCount "91"]
[EventDate "2019.08.17"]
[EventType "swiss"]
[EventCountry "POL"]
[SourceTitle "playchess.com"]
[Source "ChessBase"]
[SourceQuality "1"]
[TimeControl "40/5400+30:1800+30"]

1. Nf3 d5 2. c4 c6 3. e3 Nf6 4. b3 Bg4 5. Be2 e6 6. Bb2 Nbd7 7. O-O Bd6 8. d4 Qb8 {[%emt 0:07:35] A12: English Opening: 1...c6 with b3 by White} (8... Ne4 9. Nfd2 Bxe2 10. Qxe2 O-O 11. Nxe4 dxe4 12. Ba3 Bxa3 13. Nxa3 f5 14. c5 e5 15. Qc4+ Kh8 16. d5 Qh4 17. dxc6 bxc6 {0-1 (27) Alekseev,E (2616)-Al Sayed,M (2511) Riadh 2017}) 9. Nbd2 Bf5 10. h3 h6 11. cxd5 $146 ({Predecessor:} 11. a4 O-O 12. Ba3 a5 13. Qc1 Re8 14. Bxd6 Qxd6 15. Qb2 Ne4 16. Rfd1 {1-0 (72) Arkell,K (2462)-Sarakauskas,G (2408) England 2013}) 11... exd5 12. Nh4 Bh7 13. Bg4 Qc7 14. Bf5 O-O 15. Bxh7+ Kxh7 16. Nf5 Rfe8 17. Nxd6 Qxd6 18. Re1 Ne4 19. Qc2 f5 20. Nf1 Qg6 21. f3 Ng5 22. Kh1 Re6 23. Ng3 Rf8 24. Kh2 Kg8 25. Re2 Qf7 (25... Rff6 $11 {keeps the balance.}) 26. Ba3 Rfe8 27. Nxf5 Qf6 28. Rae1 Nf7 29. e4 g6 30. Ng3 Qxd4 31. Bb2 (31. exd5 $142 Rxe2 32. Nxe2) 31... Qc5 32. Qd2 h5 33. b4 (33. exd5 $18 Rxe2 34. Nxe2 (34. Rxe2 Rxe2 35. Nxe2 Qxd5 $16)) 33... Qd6 (33... Qf8 $16) 34. Qd4 Qf8 35. exd5 Rxe2 36. Rxe2 ({But not} 36. Nxe2 $6 cxd5 37. Rc1 (37. Qxd5 Qd6+ 38. Qxd6 Nxd6 $16) 37... Nde5 $18) 36... Rxe2 37. Nxe2 cxd5 38. Nf4 Nfe5 39. Nxd5 Nc6 $2 (39... Qd6 {is tougher.} 40. f4 Nb6 41. Nf6+ (41. fxe5 Qxd5 42. a3 Qxd4 $16) (41. Qxe5 Qxe5 42. Bxe5 Nxd5 $16) (41. Nxb6 Qxd4 42. Bxd4 Nc6 $18) 41... Qxf6 42. fxe5 Qe6 43. Qd8+ Kf7 44. Qc7+ Qe7) 40. Qh8+ Kf7 41. Qh7+ Ke6 42. Nc7+ Kd6 43. Nb5+ Ke6 44. Qxg6+ Kd5 45. Nc7+ Kc4 46. Qe4+ {[%emt 0:00:12] Kd5} 1-0

[Event "55th Rubinstein Memorial-C 2019"]
[Site "Polanica-Zdroj"]
[Date "2019.08.19"]
[Round "3.3"]
[White "Talik, Patryk"]
[Black "Filipska, Maja"]
[Result "1/2-1/2"]
[ECO "A52"]
[WhiteElo "1975"]
[BlackElo "1605"]
[Annotator "NA RC"]
[PlyCount "81"]
[EventDate "2019.08.17"]
[EventType "swiss"]
[EventCountry "POL"]
[SourceTitle "playchess.com"]
[Source "ChessBase"]
[SourceQuality "1"]
[TimeControl "40/5400+30:1800+30"]

1. d4 Nf6 2. c4 e5 3. dxe5 Ng4 4. Bf4 Nc6 5. Nf3 Bb4+ 6. Nc3 Qe7 7. Qd5 Bxc3+ 8. bxc3 Qa3 9. Rc1 f6 $1 {[%emt 0:04:35] A52: Budapest Gambit} (9... d6 10. exd6 Be6 11. Qd2 O-O-O 12. Nd4 g5 13. Bxg5 Rxd6 14. e3 Nxd4 15. cxd4 Rb6 16. Bd3 Rb2 17. Bc2 Rg8 18. d5 Bd7 19. Bf4 Qxa2 20. O-O Qxc4 21. Qd1 {1-0 (21) Graf,A (2629)-Mueller,K (2517) Hoeckendorf 2004}) 10. Rc2 Qe7 11. exf6 Nxf6 12. Qd1 d6 13. g3 $146 ({Predecessor:} 13. e3 O-O 14. Be2 Bf5 15. Rb2 b6 16. Nd4 Bd7 17. Nb5 {0-1 (29) Clarke,T (2225)-Orr,M (2370) Armagh 1994}) 13... O-O 14. Bg2 Bf5 15. Rb2 Ne4 $2 (15... Be4 $1 $11 {and Black stays safe.}) 16. Nd4 ({White should play} 16. Qd5+ $18 Rf7 17. Nh4) 16... Bg6 17. O-O Nxc3 18. Nxc6 bxc6 19. Qe1 Ne4 20. Qa5 Rf5 21. Qa6 Qe8 22. Be3 d5 23. Rb7 Nd6 24. Rxc7 Nxc4 25. Bf4 ({Stronger than} 25. Rxa7 Rxa7 26. Qxa7 Re5 $11) ({Don't play} 25. Qxc6 $6 Qxc6 26. Rxc6 Nxe3) (25. Bxa7 $6 Ne5 $16) 25... Rf6 26. Qb7 {[%emt 0:02:35] Remove Defender} ({Weaker is} 26. Rxa7 Rxa7 27. Qxa7 Qxe2 $14) 26... Bf7 27. Bg5 Rg6 28. Bh4 Na5 ({Black should play} 28... Rb8 $14 29. Qa6 (29. Qxa7 Ra8 $14) 29... h6) 29. Qa6 Nc4 30. Re7 Qb8 31. e4 Qb6 32. Qa4 Nd2 $2 (32... Rf8 $16 {is more resistant.}) 33. Re1 $11 (33. Rd1 $18 Nc4 34. exd5) 33... Nxe4 34. Bxe4 dxe4 35. R1xe4 Bd5 36. Re8+ Rxe8 37. Rxe8+ Kf7 38. Re7+ Kg8 39. Re8+ Kf7 40. Re7+ Kg8 41. Qc2 1/2-1/2

[Event "55th Rubinstein Memorial-C 2019"]
[Site "Polanica-Zdroj"]
[Date "2019.08.19"]
[Round "3.4"]
[White "Szczesniak, Andrzej"]
[Black "Jaworski, Tymon"]
[Result "1/2-1/2"]
[ECO "E95"]
[WhiteElo "1954"]
[BlackElo "1598"]
[Annotator "NA RC"]
[PlyCount "43"]
[EventDate "2019.08.17"]
[EventType "swiss"]
[EventCountry "POL"]
[SourceTitle "playchess.com"]
[Source "ChessBase"]
[SourceQuality "1"]
[TimeControl "40/5400+30:1800+30"]

1. d4 Nf6 2. c4 d6 3. Nc3 Nbd7 4. e4 e5 5. Nf3 g6 6. Be2 Bg7 7. O-O O-O 8. Re1 c6 9. Bf1 Qc7 10. d5 c5 ({Black should try} 10... a5 $14) 11. Rb1 a6 12. a3 Nh5 13. Be3 Qd8 14. b4 b6 15. Qa4 f5 16. Qc6 Ra7 17. Bg5 Bf6 18. Bh6 Bg7 $1 19. Bg5 Bf6 20. Bh6 Bg7 21. Bg5 Bf6 $14 22. h4 $16 1/2-1/2

[Event "55th Rubinstein Memorial-C 2019"]
[Site "Polanica-Zdroj"]
[Date "2019.08.19"]
[Round "3.5"]
[White "Kardys, Zbigniew"]
[Black "Myrmus, Mateusz"]
[Result "1-0"]
[ECO "B40"]
[WhiteElo "1949"]
[BlackElo "1598"]
[Annotator "NA RC"]
[PlyCount "57"]
[EventDate "2019.08.17"]
[EventType "swiss"]
[EventCountry "POL"]
[SourceTitle "playchess.com"]
[Source "ChessBase"]
[SourceQuality "1"]
[TimeControl "40/5400+30:1800+30"]

1. e4 c5 2. Nf3 e6 3. d4 cxd4 4. Nxd4 Nf6 5. Nc3 Nc6 6. Ndb5 Bb4 7. a3 Bxc3+ 8. Nxc3 d5 9. exd5 exd5 10. Bd3 O-O 11. O-O d4 12. Ne4 Bf5 13. Bg5 Bxe4 14. Bxe4 h6 15. Bxf6 Qxf6 16. Re1 Rac8 17. Qf3 Qxf3 18. Bxf3 Rfd8 19. Be4 Kf8 20. Kf1 g6 21. g4 Rc7 22. Bd3 Re7 23. Rxe7 Kxe7 24. Re1+ Kf6 25. h4 Ne5 26. g5+ hxg5 27. hxg5+ Ke6 28. f4 Rd5 $18 29. Bc4 1-0

[Event "55th Rubinstein Memorial-C 2019"]
[Site "Polanica-Zdroj"]
[Date "2019.08.19"]
[Round "3.6"]
[White "Sroka, Janusz"]
[Black "Suchanek, Paulina"]
[Result "1-0"]
[ECO "C00"]
[WhiteElo "1875"]
[BlackElo "1593"]
[Annotator "NA RC"]
[PlyCount "115"]
[EventDate "2019.08.17"]
[EventType "swiss"]
[EventCountry "POL"]
[SourceTitle "playchess.com"]
[Source "ChessBase"]
[SourceQuality "1"]
[TimeControl "40/5400+30:1800+30"]

1. e4 e6 2. d3 d5 3. Nd2 Nf6 4. Ngf3 Bc5 5. h3 Bxf2+ 6. Kxf2 dxe4 7. dxe4 Nxe4+ 8. Ke1 Ng3 9. Rg1 O-O 10. Nc4 (10. Bd3 $18) 10... Qe7 (10... Nxf1 $16 {keeps fighting.} 11. Rxf1 Qxd1+ 12. Kxd1 f6) 11. Bf4 Nxf1 12. Kxf1 Qb4 13. Nfd2 b5 14. c3 Qc5 15. Ne3 e5 16. Nb3 $1 Qe7 17. Bg3 Be6 18. Qf3 Nd7 {[%emt 0:00:34] [#]} 19. Nd5 $1 Bxd5 (19... Qg5 $14) 20. Qxd5 e4 (20... Qf6+ $16 {keeps fighting.} 21. Qf3 Qg6) 21. Nd4 e3 22. Ke2 ({Weaker is} 22. Qxb5 Rfe8 $16) ({Less strong is} 22. Bxc7 Rfe8 $16) 22... c5 23. Nc6 Qe6 24. Qxe6 fxe6 25. Rgf1 Nf6 26. Bd6 Rf7 27. Bxc5 Rc8 28. Ne7+ Rxe7 29. Bxe7 Nd5 30. Bd6 b4 31. c4 Nf6 32. Rxf6 gxf6 33. c5 Kf7 34. Kxe3 e5 35. Rf1 Ke6 36. g4 Rc6 37. Rc1 Rc8 38. a3 bxa3 39. bxa3 Rg8 40. Rc4 h5 41. Ra4 hxg4 42. hxg4 a5 43. Kf3 Kd5 44. Re4 Kc6 45. Re1 Kd5 46. Rd1+ Kc6 47. Be7 e4+ 48. Kf4 Re8 49. Bd6 Re6 50. Kf5 Re8 51. Kxf6 e3 52. g5 e2 53. Re1 Re3 54. g6 Rf3+ 55. Kg5 Re3 56. g7 Re8 57. Bf8 Re3 58. Kf4 1-0

[Event "55th Rubinstein Memorial-C 2019"]
[Site "Polanica-Zdroj"]
[Date "2019.08.19"]
[Round "3.7"]
[White "Grzelak, Piotr"]
[Black "Obrochta, Lena"]
[Result "0-1"]
[ECO "B20"]
[WhiteElo "1673"]
[BlackElo "1870"]
[Annotator "NA RC"]
[PlyCount "82"]
[EventDate "2019.08.17"]
[EventType "swiss"]
[EventCountry "POL"]
[SourceTitle "playchess.com"]
[Source "ChessBase"]
[SourceQuality "1"]
[TimeControl "40/5400+30:1800+30"]

1. e4 c5 2. c4 e6 3. Nc3 d6 4. Nf3 Nf6 5. d4 cxd4 6. Nxd4 a6 7. Be3 Be7 8. Be2 O-O 9. O-O Qc7 10. Kh1 {[%emt 0:02:50] B41: Sicilian: Kan Variation: 5 c4} (10. f3 b6 11. Qd2 Bb7 12. Rfc1 Nbd7 13. a4 Rfe8 14. a5 bxa5 15. Nb3 Rab8 16. Nxa5 Ba8 17. b4 d5 18. c5 dxe4 19. fxe4 Nxe4 20. Nxe4 Bxe4 21. Bxa6 {1-0 (30) Ragger,M (2687)-Geller,J (2518) St Petersburg 2018}) 10... b6 11. Qd2 Bb7 12. f3 Nbd7 13. Rac1 Rac8 {[%emt 0:03:13] [#]} 14. g4 $146 ({Predecessor:} 14. Rfd1 Rfe8 15. b3 Qb8 16. Bf1 Bd8 17. Bg1 Be7 18. a4 Nc5 19. Qa2 Bf8 {0-1 (37) Cmilyte,V (2514)-Zhao,X (2568) Beijing 2013}) 14... Rfd8 (14... Qd8 $14) 15. g5 Ne8 16. h4 Qb8 17. Rf2 Nc7 18. Rcf1 Qa8 19. Kg1 (19. h5 $16) 19... Nc5 20. b4 Nd7 21. h5 g6 $2 ({Better is} 21... d5 $14) 22. Bd3 (22. f4 $18) 22... d5 {[%emt 0:01:34] [#]} 23. hxg6 (23. exd5 $1 $18 {is the precise move to win.} exd5 24. f4 Bxb4 25. hxg6 fxg6 26. f5) 23... fxg6 24. Nxe6 Nxe6 25. exd5 (25. Nxd5 $15 Bxd5 26. cxd5) 25... Bxb4 26. Bxg6 hxg6 27. dxe6 Ne5 {[%emt 0:01:17] Double Attack, Discovered Attack} 28. Qe2 Bxc3 29. f4 Nxc4 30. Qc2 Be4 31. Qxc3 Nxe3 32. Qxe3 Rd3 33. Qxb6 Rg3+ 34. Kh2 Rcc3 35. Rd2 Rh3+ 36. Kg1 Rh1+ 37. Kf2 Rf3+ 38. Ke2 Rh2+ {[%emt 0:00:35] Decoy} 39. Ke1 Rxf1+ $19 40. Kxf1 Bd3+ 41. Ke1 Qh1+ 0-1

[Event "55th Rubinstein Memorial-C 2019"]
[Site "Polanica-Zdroj"]
[Date "2019.08.19"]
[Round "3.8"]
[White "Topola, Rafal"]
[Black "Kaliszuk, Kamil"]
[Result "0-1"]
[ECO "C50"]
[WhiteElo "1660"]
[BlackElo "1853"]
[Annotator "NA RC"]
[PlyCount "124"]
[EventDate "2019.08.17"]
[EventType "swiss"]
[EventCountry "POL"]
[SourceTitle "playchess.com"]
[Source "ChessBase"]
[SourceQuality "1"]
[TimeControl "40/5400+30:1800+30"]

1. e4 e5 2. Nf3 Nc6 3. Bc4 Bc5 4. O-O Nf6 5. d3 d6 6. c3 a6 7. Bb3 Ba7 8. h3 {[%emt 0:02:28] C54: Giuoco Piano: 4 c3 Nf6, main lines with 5 d4 and 5 d3} (8. Re1 h6 9. Nbd2 Nh5 10. Nf1 Qf6 11. Ne3 Bxe3 12. fxe3 Qg6 13. Rf1 Nf6 14. Nh4 Qg5 15. Nf3 Qg6 16. Nh4 {1-0 (57) Swiercz,D (2655)-Maghsoodloo,P (2673) Astana 2019}) 8... h6 9. Re1 g5 10. d4 g4 11. dxe5 $2 (11. hxg4 $11 {and White stays safe.} Nxg4 12. Bd5) 11... gxf3 12. exf6 Qxf6 13. Qxf3 $146 ({Predecessor:} 13. g4 Rg8 14. Qd2 Qh4 15. Bxf7+ Kd8 16. Re3 Rxg4+ 17. hxg4 Qxg4+ 18. Kf1 Qh3+ {0-1 (18) Vatinyan,G (1960)-Mamedov,R (2218) Donetsk 2011}) 13... Qxf3 14. gxf3 Ne5 15. Rd1 Nxf3+ 16. Kg2 Ne5 17. Bf4 Rg8+ 18. Bg3 h5 19. h4 Bg4 20. Nd2 Bxd1 21. Rxd1 Nd3 22. Nf3 (22. Kf1 {might work better.}) 22... Nxf2 $1 ({Inferior is} 22... Nxb2 23. Rd2 $16) 23. Re1 Nd3 24. Rf1 Nc5 ({Weaker is} 24... Nxb2 25. Ng5 $17) 25. Ng5 Nxb3 26. axb3 Be3 27. Nxf7 $2 (27. Nh7 {only move.}) 27... Rf8 28. Re1 Bd2 ({Don't do} 28... Kxf7 29. Rxe3 Ke6 30. Rf3 $19) 29. Rd1 Rxf7 30. Rxd2 Ke7 31. Rd5 Rh7 32. e5 dxe5 33. Rxe5+ Kd7 34. Kf3 Rf8+ 35. Ke4 Rg7 36. Rg5 Rxg5 37. hxg5 Ke6 38. Bxc7 Rf2 39. b4 h4 40. Kd4 h3 41. Kc5 Rf5+ 42. Kb6 Rb5+ 43. Ka7 Kf5 44. b3 Kxg5 45. Bd6 Kg4 46. c4 {[%emt 0:00:08] [#]} Rxb4 $1 {[%emt 0:01:06] Promotion} 47. Bxb4 h2 48. Kxb7 h1=Q+ 49. Kxa6 Qa8+ 50. Kb5 Qb7+ 51. Ka4 Kf5 52. Ba5 Ke5 53. c5 Kd4 54. Bb6 Kc3 55. Kb5 Kxb3 56. c6 Qc8 57. c7 Kc3 58. Kc6 Kb4 59. Bc5+ Ka5 60. Bd6 Ka6 61. Kc5 Qd7 62. Kd5 Kb7 0-1

[Event "55th Rubinstein Memorial-C 2019"]
[Site "Polanica-Zdroj"]
[Date "2019.08.19"]
[Round "3.9"]
[White "Koscielny, Edmond"]
[Black "Rog, Bartlomiej"]
[Result "0-1"]
[ECO "A02"]
[WhiteElo "1841"]
[BlackElo "1540"]
[Annotator "NA RC"]
[PlyCount "42"]
[EventDate "2019.08.17"]
[EventType "swiss"]
[EventCountry "POL"]
[SourceTitle "playchess.com"]
[Source "ChessBase"]
[SourceQuality "1"]
[TimeControl "40/5400+30:1800+30"]

1. f4 e5 2. d3 exf4 3. Bxf4 d5 4. Nf3 Nf6 5. Nc3 Bb4 6. a3 {[%emt 0:00:21] A02: Bird's Opening} Bxc3+ $146 ({Predecessor:} 6... Ba5 7. b4 Bb6 8. Na4 O-O 9. g3 Nc6 10. Bg2 d4 11. O-O {1-0 (49) Jan,P (2140)-Bush,F (2045) ICCF email 2006}) 7. bxc3 Bg4 8. g3 O-O 9. Bg2 Nh5 10. Bd2 f5 11. O-O Nc6 12. Qb1 Rb8 13. Ng5 (13. Qb5 $14) 13... f4 $1 14. gxf4 h6 15. h3 hxg5 16. hxg4 Ng3 17. Qb3 ({White should play} 17. Rf2 $11 gxf4 18. Qb5 Nxe2+ {[%mdl 64] Remove Defender} 19. Rxe2) 17... Nxe2+ 18. Kh2 Ne7 19. Qb4 (19. Rae1 $17 Nxf4 20. Qb4) 19... gxf4 20. Rae1 Nc6 21. Qc5 (21. Qxf8+ $19 Kxf8 22. Rxe2) 21... Qh4+ {[%emt 0:00:23] Double Attack} 0-1

[Event "55th Rubinstein Memorial-C 2019"]
[Site "Polanica-Zdroj"]
[Date "2019.08.19"]
[Round "3.10"]
[White "Wianecki, Mateusz"]
[Black "Karnasiewicz, Robert"]
[Result "0-1"]
[ECO "A01"]
[WhiteElo "1634"]
[BlackElo "1803"]
[Annotator "NA RC"]
[PlyCount "138"]
[EventDate "2019.08.17"]
[EventType "swiss"]
[EventCountry "POL"]
[SourceTitle "playchess.com"]
[Source "ChessBase"]
[SourceQuality "1"]
[TimeControl "40/5400+30:1800+30"]

1. b3 Nf6 2. Bb2 g6 3. g4 Bg7 4. g5 Nh5 5. Bxg7 (5. Qc1 e5 6. h4 d5 7. e3 h6 8. Nf3 d4 9. Bc4 Bg4 10. Nh2 Bc8 11. Nf3 Bg4 12. Nh2 Bc8 13. Nf3 Bg4 14. Nh2 {½-½ (14) Safarli,E (2649)-Mamedov,R (2659) Kocaeli 2014}) 5... Nxg7 6. d4 {[%emt 0:00:02] A01: Nimzowitsch-Larsen Opening} c5 $146 ({Predecessor:} 6... d6 7. Nf3 Bg4 8. Bg2 Bxf3 9. Bxf3 c6 10. Qd2 Nd7 11. Nc3 Qa5 12. Bg4 f5 13. gxf6 Nxf6 14. Bf3 O-O 15. Ne4 Qxd2+ 16. Nxd2 Ne6 17. c3 Rf7 18. h4 {1-0 (18) Goodhue,N (1996)-Forster,W (1908) Auckland 2011}) 7. dxc5 Qa5+ 8. Qd2 Qxc5 9. Nc3 O-O 10. Bg2 Nc6 11. Nf3 d6 12. Ne4 Qb4 13. Nc3 Be6 14. a3 Qa5 15. O-O Rac8 16. b4 Qc7 17. Rfc1 Qd7 18. Nd5 b6 19. c4 Rfe8 20. Nf4 Bg4 21. Ne1 ({White should try} 21. Rc3 $11) 21... Ne5 22. h3 Bf5 23. c5 bxc5 24. bxc5 Rxc5 25. Rxc5 dxc5 26. Qc3 Qd4 27. Qxd4 cxd4 28. Rd1 Rd8 29. e3 d3 {[%emt 0:03:03] 4] Be6} 30. e4 Be6 31. Nexd3 Bb3 32. Rd2 $2 (32. Rc1 $1 $11 Nxd3 33. Nxd3) 32... Ne6 33. Nd5 {[%emt 0:01:35] [#]} Nxd3 ({Black should try} 33... Nc4 $1 $19 34. Re2 Kf8) 34. Rxd3 Bxd5 $1 35. exd5 Nf4 36. Re3 Nxd5 37. Bxd5 Rxd5 38. f4 e6 39. Kf2 Kg7 40. Kf3 h5 41. h4 $19 (41. Ke4 $17 {might work better.}) 41... Rd4 42. Rb3 a5 43. Rc3 Rd1 44. Kf2 Rd2+ 45. Kf3 Rh2 46. Kg3 Rb2 47. Kf3 Rh2 48. Kg3 Ra2 49. Kf3 Rb2 50. Ke4 Rh2 51. Rc5 Rxh4 52. Rxa5 Rh3 53. Ra8 Rb3 54. a4 h4 55. a5 Ra3 56. a6 h3 57. Rb8 Rxa6 58. Rb3 h2 59. Rh3 Ra2 60. Ke5 Re2+ 61. Kd4 Kf8 62. Kd3 Ra2 63. Ke4 Ke7 64. Rh7 Kd6 65. Rh8 Ra4+ 66. Kf3 e5 67. fxe5+ Kxe5 68. Rxh2 Kf5 69. Rg2 Ra3+ 0-1

[Event "55th Rubinstein Memorial-C 2019"]
[Site "Polanica-Zdroj"]
[Date "2019.08.19"]
[Round "3.11"]
[White "Kozlowski, Andrzej"]
[Black "Burdzicki, Stanislaw"]
[Result "0-1"]
[ECO "A00"]
[WhiteElo "1566"]
[BlackElo "1785"]
[Annotator "NA RC"]
[PlyCount "104"]
[EventDate "2019.08.17"]
[EventType "swiss"]
[EventCountry "POL"]
[SourceTitle "playchess.com"]
[Source "ChessBase"]
[SourceQuality "1"]
[TimeControl "40/5400+30:1800+30"]

1. e3 d5 2. f4 c5 3. Nf3 a6 4. b3 Nc6 5. Bb2 d4 6. Bd3 Nf6 7. O-O g6 8. a4 Bg7 9. Na3 O-O 10. Nc4 Nd5 11. Qe2 Rb8 12. a5 Ncb4 13. Rfc1 Bg4 14. Be4 Nf6 15. exd4 cxd4 16. d3 Nfd5 17. Qd2 Nc6 18. Nfe5 Nxe5 19. fxe5 Nc7 20. Qf4 Be6 21. Nb6 Nb5 22. Nc4 Qc7 23. Qf3 Bxc4 24. dxc4 Nc3 25. Bxc3 dxc3 26. Rd1 Bxe5 27. g3 e6 28. Bd3 Rfd8 29. b4 Bd6 30. Rab1 Bxb4 31. Rf1 Bxa5 32. Qf6 Bb6+ 33. Kg2 Bd4 34. Qf3 e5 35. g4 Qe7 36. Be4 b5 37. Bd5 Rf8 38. Ra1 Rb6 39. Qe4 Rf6 40. cxb5 axb5 41. Rfd1 Rf4 42. Qe1 Rxg4+ 43. Kf3 Qg5 44. Rd3 Rg2 45. Rxd4 exd4 46. Qe4 Rd2 47. Ra7 Qf6+ 48. Kg3 Qf2+ 49. Kg4 Qe2+ 50. Kg5 Qh5+ 51. Kf6 Rf2+ 52. Ke7 Re2 0-1

[Event "55th Rubinstein Memorial-C 2019"]
[Site "Polanica-Zdroj"]
[Date "2019.08.19"]
[Round "3.12"]
[White "Rosa, Antoni"]
[Black "Szydelko, Michal"]
[Result "0-1"]
[ECO "A22"]
[WhiteElo "1528"]
[BlackElo "1752"]
[Annotator "NA RC"]
[PlyCount "124"]
[EventDate "2019.08.17"]
[EventType "swiss"]
[EventCountry "POL"]
[SourceTitle "playchess.com"]
[Source "ChessBase"]
[SourceQuality "1"]
[TimeControl "40/5400+30:1800+30"]

1. c4 e5 2. Nc3 Nf6 3. g3 d5 4. cxd5 Nxd5 5. Qc2 Nb6 6. Bg2 Be7 7. b3 O-O 8. Bb2 Nc6 9. Nb5 Bd7 10. Nf3 f6 11. Nc3 Nb4 12. Qc1 Bc6 13. O-O Qd7 14. a3 N4d5 15. b4 a5 16. Nxd5 Qxd5 17. Bc3 axb4 18. Bxb4 Bxb4 19. axb4 Qb5 20. d3 Qxb4 21. Rb1 Qd6 22. Nh4 Bxg2 23. Kxg2 Rfc8 24. Qb2 Qd5+ 25. Kg1 Ra2 26. Qb4 Ra4 27. Qe7 Qf7 28. Nf5 Nd5 29. Qc5 c6 30. Nd6 Qf8 31. Rxb7 Ra6 32. Rfb1 Rd8 33. Ne4 Qxc5 34. Nxc5 Raa8 35. Ne6 Re8 36. Nxg7 Re7 37. Nf5 Rxb7 38. Rxb7 Ra2 39. Rg7+ Kf8 40. e3 Nb4 41. Rd7 Rd2 42. Rd6 Kf7 43. d4 e4 44. Nh6+ Ke7 45. Nf5+ Kf7 46. h4 Rc2 47. g4 Nd3 48. Rd7+ Kf8 49. Rxh7 Nxf2 50. Rg7 Nh3+ 51. Kf1 Rf2+ 52. Ke1 Rxf5 53. gxf5 Kxg7 54. Kf1 Kh6 55. Kg2 Ng5 56. hxg5+ Kxg5 57. Kg3 Kxf5 58. Kh4 Kg6 59. Kg3 Kg5 60. Kh3 f5 61. Kg3 f4+ 62. exf4+ Kf5 0-1

[Event "55th Rubinstein Memorial-C 2019"]
[Site "Polanica-Zdroj"]
[Date "2019.08.19"]
[Round "3.13"]
[White "Ursnik, Patryk"]
[Black "Zgoda, Damian"]
[Result "0-1"]
[ECO "B06"]
[WhiteElo "1497"]
[BlackElo "1725"]
[Annotator "NA RC"]
[PlyCount "78"]
[EventDate "2019.08.17"]
[EventType "swiss"]
[EventCountry "POL"]
[SourceTitle "playchess.com"]
[Source "ChessBase"]
[SourceQuality "1"]
[TimeControl "40/5400+30:1800+30"]

1. e4 g6 2. d4 Bg7 3. c3 d6 4. Nf3 e6 5. Be3 Ne7 6. Be2 b6 7. Nbd2 Bb7 8. Qc2 Nd7 9. Rc1 Rc8 10. O-O O-O 11. a4 h6 12. a5 f5 13. exf5 exf5 14. a6 Bd5 15. Nb1 f4 16. Bd2 g5 17. Ne1 c5 18. dxc5 dxc5 19. c4 Bc6 20. Bg4 Ne5 21. Bxc8 Qxc8 22. f3 g4 23. Bc3 Nxc4 24. Bxg7 Ne3 25. Qc3 Rf7 26. Bxh6 Nxf1 27. Kxf1 Qf5 28. Rd1 Nd5 29. Rxd5 Bxd5 30. fxg4 Qxb1 31. Qe5 Qe4 32. Qxe4 Bxe4 33. Kf2 Kh7 34. Bg5 Kg6 35. h4 b5 36. Nf3 Bxf3 37. Kxf3 c4 38. Bxf4 b4 39. h5+ Kg7 0-1

[Event "55th Rubinstein Memorial-C 2019"]
[Site "Polanica-Zdroj"]
[Date "2019.08.19"]
[Round "3.14"]
[White "Musial, Igor"]
[Black "Jaroszuk, Marcin"]
[Result "1-0"]
[ECO "C72"]
[WhiteElo "1717"]
[BlackElo "1496"]
[Annotator "NA RC"]
[PlyCount "63"]
[EventDate "2019.08.17"]
[EventType "swiss"]
[EventCountry "POL"]
[SourceTitle "playchess.com"]
[Source "ChessBase"]
[SourceQuality "1"]
[TimeControl "40/5400+30:1800+30"]

1. e4 e5 2. Nf3 Nc6 3. Bb5 a6 4. Ba4 d6 5. O-O Bg4 6. h3 h5 7. d4 b5 8. Bb3 Nxd4 9. hxg4 hxg4 10. Ng5 Nh6 11. f4 Be7 12. Bxf7+ Nxf7 13. Nxf7 Kxf7 14. fxe5+ Nf3+ 15. gxf3 g3 16. f4 c6 17. Be3 Qc8 18. f5 dxe5 19. Qg4 Rh4 20. Qg6+ Kf8 21. Nd2 c5 22. Qxg3 Bf6 23. Bg5 Qd8 24. Qxh4 Bxg5 25. Qh8+ Kf7 26. Qxd8 Rxd8 27. Nf3 Be3+ 28. Kg2 Bf4 29. Rad1 Rh8 30. Rd7+ Ke8 31. Rfd1 Rh5 32. Rd8+ 1-0